cohdb
Replays
Latest Replays
All Replays
Popular Replays
Top Player Replays
Match Explorer
How It Works
Community
CoH3 Stats
Reddit
Sign in to upload your games and track your stats! →
Sign in with Steam
Match 42696333
Unlisted
Match 42696333
Overview
Messages
Build Orders
End
Construct Section Command Post
Infantry Section
Infantry Section
Selects Australian Defense Battlegroup
Selects Australian Light Infantry Section
Australian Light Infantry Section
Grenade Package
Dingo Light Scout Car
Construct Platoon Command Post
Humber Armored Car
Selects CMP 15cwt Supply Run
CMP 15cwt Supply Run
6-pounder Anti-tank Gun Team
Infantry Section
Selects Defensive Tactics
CMP 15cwt Truck
Construct Company Command Post
[PD] PragerSchinken
PIGEONS ARE FBI DRONES
Bananenratte
Dave
SimYo0
Dolan Tittenberg
0
0
Comments
sign in to comment!
No comments posted yet!